 Dungeon Crawl Stone Soup version 0.30.0-10-gfe55d96785 (webtiles) character file.

Game seed: 6335745289854387746

258 Jarnaxa the Cudgeller (level 5, -2/42 HPs)
             Began as a Demonspawn Monk on May 14, 2023.
             Slain by Blork the orc
             ... wielding a +5 trident of protection
              (9 damage)
             ... on level 5 of the Dungeon.
             The game lasted 00:08:17 (3563 turns).

Jarnaxa the Cudgeller (Demonspawn Monk)             Turns: 3563, Time: 00:08:18

Health: -2/42      AC: -5    Str: 13    XL:     5   Next: 94%
Magic:  5/5        EV: 12    Int: 11    God:
Gold:   217        SH:  0    Dex: 22    Spells: 4/4 levels left

rFire   . . .        l - +0 flail
rCold   . . .        d - orb {light}
rNeg    . . .        g - +0 scale mail
rPois   .            (no helmet)
rElec   .            (no cloak)
rCorr   .            (no gloves)
SInv    .            (no boots)
Will    .....        (no amulet)
Stlth   +            i - +6 ring of dexterity
HPRegen 0.27/turn    (no ring)
MPRegen 0.09/turn

%: no passive effects
@: corroded, glowing
A: foul stench 1, sturdy frame 1
a: no special abilities


You were on level 5 of the Dungeon.
You visited 1 branch of the dungeon, and saw 5 of its levels.

You collected 217 gold pieces.

Inventory:

Hand Weapons
 l - a +0 flail (weapon)
Missiles
 a - 7 poisoned darts (quivered)
Armour
 d - an orb of light (worn)
 g - a +0 scale mail (worn)
Jewellery
 i - a +6 ring of dexterity (left hand)
Wands
 f - a wand of flame (22)
 k - a wand of iceblast (11)
Potions
 b - 2 potions of curing
 c - 3 potions of ambrosia
 e - a potion of heal wounds
 h - a potion of flight
 n - a potion of resistance
 q - a potion of degeneration


   Skills:
 + Level 3.9 Fighting
 + Level 4.2 Maces & Flails
 + Level 2.4 Armour
 + Level 3.4 Dodging
 + Level 0.6 Stealth


You had 4 spell levels left.
You didn't know any spells.
Your spell library contained the following spells:

 Spells                   Type           Power      Damage    Failure   Level
 Sandblast                Erth           0%         2d4       67%         1
 Sting                    Tmut/Pois      0%         1d3       67%         1
 Passwall                 Tmut/Erth      0%         N/A       80%         2
 Spider Form              Tmut/Pois      0%         N/A       95%         3
 Stone Arrow              Conj/Erth      0%         3d7       95%         3
 Volatile Blastmotes      Fire/Tloc      0%         2d10      95%         3
 Disjunction              Tloc           0%         N/A       100%        8


Dungeon Overview and Level Annotations

Branches:
Dungeon (5/15)
 Temple: D:4-7

Altars:
Okawaru

Shops:
D:2 *[[[*   D:4 :(*(

Annotations:
D:5 Blork the orc


Innate Abilities, Weirdness & Mutations

You may rarely emit foul miasma when damaged in melee.
Your movements are slightly less encumbered by armour. (ER -2)


Message History

The mass of ice explodes!
The iceblast engulfs Ijyb!
Ijyb is severely wounded.
You barely miss Ijyb.
Ijyb is severely wounded.
Ijyb barely misses you.
You hit Ijyb.
Ijyb is almost dead.
Ijyb zaps a wand.
The puff of flame hits you.
You hit Ijyb but do no damage.
Ijyb is almost dead.
Ijyb completely misses you.
You hit Ijyb.
You kill Ijyb!
f - a wand of flame (22)
Things that are here:
a +0 dagger; a +0 leather armour You hear a distant slurping noise.
You start resting.
HP restored.
Found an escape hatch in the ceiling.
A jelly is nearby!
Blork the orc shouts!
Blork the orc screams, "I'll break your arms!"
You sock the jelly! The acid corrodes you!
Your hands burn!
The jelly is heavily wounded.
The jelly hits you. The acid corrodes you!
You are splashed with acid!
You hit the jelly.
Your hands burn!
The jelly is severely wounded.
Blork the orc gestures wildly while chanting.
Blork the orc seems to speed up.
The jelly closely misses you.
You hit the jelly but do no damage.
Your hands burn!
The jelly is heavily wounded.
The jelly hits you. The acid corrodes you!
You are splashed with acid!
* * * LOW HITPOINT WARNING * * *
You hit the jelly but do no damage.
Your hands burn!
* * * LOW HITPOINT WARNING * * *
The jelly is heavily wounded.
The jelly completely misses you.
Blork the orc hits you from afar with a +5 trident of protection!
You die...

#..# ##..# #...###
#.....# #.....#
#..o..# #....<#
#.J@..# .8....###.#
...##.# #.# ## ####
#.# #.# .########..#
#.# #.# <..........#
#.# #.# .#.....# #.#
#.# #.#
)#.....###.###.###.#
...................#


You could see Blork the orc (fast) and a jelly.

Vanquished Creatures
  A jelly (D:4)
  An orc priest (D:3)
  2 iguanas (D:4)
  Ijyb (D:5)
  4 adders
  2 worms (D:2)
  4 dart slugs
  4 orcs
  8 endoplasms
  3 giant cockroaches
  6 goblins
  5 hobgoblins
  2 jackals (D:1)
  8 kobolds
  A quokka (D:2)
  3 ball pythons
  2 bats (D:1)
  4 frilled lizards
  8 rats
69 creatures vanquished.

Notes
Turn   | Place    | Note
-------+----------+-------------------------------------------
     0 | D:1      | Jarnaxa the Demonspawn Monk began the quest for the Orb.
     0 | D:1      | Reached XP level 1. HP: 18/18 MP: 1/1
   157 | D:1      | Gained mutation: You may rarely emit foul miasma when
                  | damaged in melee. [demonic ancestry]
   157 | D:1      | Reached XP level 2. HP: 21/24 MP: 2/2
   238 | D:1      | Got the Enchiridion on Transforming Transportation
   342 | D:1      | Reached skill level 3 in Maces & Flails
   410 | D:1      | Reached XP level 3. HP: 25/29 MP: 3/3
   870 | D:2      | Found Hecuil's Armour Boutique.
   878 | D:2      | Found Kefomehi's Armour Boutique.
  1033 | D:2      | Found Rireask's Armour Shoppe.
  1045 | D:2      | Found Duitib's General Store.
  1224 | D:2      | Gained mutation: Your movements are slightly less
                  | encumbered by armour. (ER -2) [demonic ancestry]
  1224 | D:2      | Reached XP level 4. HP: 25/35 MP: 4/4
  1302 | D:2      | Found Aginov's Assorted Antiques.
  1387 | D:3      | Found an iron altar of Okawaru.
  1566 | D:3      | Reached skill level 1 in Armour
  1827 | D:3      | Found a faded altar of an unknown god.
  1929 | D:4      | Found Nagef's Antique Weapon Shoppe.
  1980 | D:4      | Found Xeojirch's Antique Weapon Emporium.
  1993 | D:4      | Reached XP level 5. HP: 39/42 MP: 5/5
  2085 | D:4      | Found Hidos's General Store.
  2288 | D:4      | Found Nifovvas's Book Emporium.
  2398 | D:4      | Reached skill level 4 in Maces & Flails
  2703 | D:5      | Entered Level 5 of the Dungeon
  2719 | D:5      | Noticed Blork the orc
  3492 | D:5      | Noticed Ijyb
  3499 | D:5      | Killed Ijyb
  3563 | D:5      | Slain by Blork the orc

Illustrated notes

Levels and vault maps discovered:
D:1:      lemuel_arrival_funnel, layout_loops_ring, serial_bayou,
          serial_bayou_pond_d, serial_bayou_lagoon_b, serial_bayou_pond_e,
          serial_bayou_lagoon_a, st_stairs_2
D:2:      layout_rooms, serial_shops, shop, nicolae_shop_advertising_works
          [nicolae_subvault_shop_adworks], nicolae_shop_just_a_little_nook,
          shop, shop
D:3:      layout_basic, mainiacjoe_overflow_small_starburst,
          dreamdust_ecumenical_altar_hidden_monk_grotto,
          minmay_misc_feat_square, uniq_robin
D:4:      layout_loops_cross, serial_shops, nicolae_shop_rolling_square,
          nicolae_shop_temple_entry_statues_fountains,
          nicolae_shop_tiny_real_fake_doors, shop
D:5:      minmay_opposing_rooms, layout_loops_ring,
          ashenzari_conservatory_becter, mainiacjoe_overflow_catwalk,
          minmay_temple_entry_antechambers, uniq_ijyb, uniq_pikel,
          uniq_eustachio, uniq_blork_the_orc

Skill      XL: |  1  2  3  4  5 |
---------------+----------------+-----
Dodging        | 3 |  3.4
Maces & Flails | 3 4 |  4.2
Armour         | 1 2 |  2.4
Fighting       | |  3.9
Stealth        | |  0.6

Action                     |  1- 3 |  4- 6 || total
---------------------------+-------+-------++-------
  Melee: Mace              |   125 |    27 ||   152
         Flail             |       |    68 ||    68
  Evoke: Wand              |       |     2 ||     2
    Use: Scroll            |     3 |     8 ||    11
         Potion            |       |     1 ||     1
 Armour: Ring mail         |    39 |    10 ||    49
         Scale mail        |       |    38 ||    38
  Dodge: Dodged            |    77 |    88 ||   165
